 Dungeon Crawl Stone Soup version 0.21.1-1-g345015f (webtiles) character file.

106 inc the Vexing (level 4, -5/19 HPs)
             Began as a Felid Enchanter on Mar 16, 2018.
             Was an Initiate of Gozag.
             Killed from afar by an orc wizard (6 damage)
             ... with a puff of flame
             ... on level 2 of the Dungeon.
             The game lasted 00:07:48 (3739 turns).

inc the Vexing (Felid Enchanter)                    Turns: 3739, Time: 00:07:49

Health: -5/19      AC:  1    Str:  4    XL:     4   Next: 55%
Magic:  2/11       EV: 18    Int: 17    God:    Gozag
Gold:   134        SH:  0    Dex: 17    Spells: 5/11 levels left
                                        Lives:  0   Deaths: 1

rFire    . . .     SeeInvis +     - Unarmed
rCold    . . .     Gourm    .   (shield unavailable)
rNeg     . . .     Faith    .   (armour unavailable)
rPois    .         Spirit   .   (helmet unavailable)
rElec    .         Reflect  .   (cloak unavailable)
rCorr    .         Harm     .   (gloves unavailable)
MR       .....                  (boots unavailable)
Stlth    +++.......             (no amulet)
HPRegen  0.06/turn              (no ring)
MPRegen  0.12/turn              (no ring)

@: quick
A: very small, no armour, no weapons or thrown items, stealth, claws 1, fangs 3,
see invisible, carnivore, speed 1, shaggy fur 1, slow metabolism 1, sharp paws
a: Potion Petition, Call Merchant, Bribe Branch, Renounce Religion


You were on level 2 of the Dungeon.
You worshipped Gozag.
Gozag was aware of your devotion.
You were not hungry.

You visited 1 branch of the dungeon, and saw 3 of its levels.

You collected 161 gold pieces.
You paid 27 gold pieces to Gozag.

Inventory:

Wands
 k - a wand of iceblast (8)
Scrolls
 c - 3 scrolls of identify {unknown}
 d - a scroll of remove curse
 f - a scroll of fog {unknown}
 g - a scroll of random uselessness {unknown}
 h - a scroll of enchant armour {unknown}
 i - 2 scrolls of teleportation {unknown}
 j - a scroll of amnesia {unknown}
Books
 a - a book of Maledictions

   Spells                             Type                      Level
   a - Corona                         Hexes                        1
   b - Ensorcelled Hibernation        Hexes/Ice                    2
   c - Confuse                        Hexes                        3
   d - Tukima's Dance                 Hexes                        3
   e - Dazzling Spray                 Conjuration/Hexes            3
Comestibles
 b - 7 rations


   Skills:
 - Level 2.1 Fighting
 - Level 3.1 Dodging
 - Level 4.0 Stealth
 - Level 2.4 Unarmed Combat
 + Level 4.0 Spellcasting
 - Level 4.6 Hexes
 - Level 0.6 Ice Magic


You had 5 spell levels left.
You knew the following spells:

 Your Spells              Type           Power        Failure   Level  Hunger
a - Corona                Hex            ###....      2%          1    None
b - Ensorcelled Hibernat  Hex/Ice        ##....       9%          2    ##.....
c - Confuse               Hex            ###.....     7%          3    ###....


Dungeon Overview and Level Annotations

Branches:
Dungeon (3/15)

Altars:
Gozag
Hepliaklqana
Okawaru
Sif Muna


Innate Abilities, Weirdness & Mutations

You cannot wear armour.
You are incapable of wielding weapons or throwing items.
Your paws allow you to move quietly. (Stealth)
You have sharp claws.
You have razor-sharp teeth.
You have supernaturally acute eyesight. (SInv)
You are carnivorous and can eat meat at any time.
You cover ground quickly.
You are covered in fur. (AC +1)
You have a slow metabolism.
Your sharp claws are effective at attacking unaware monsters.


Message History

The puff of frost hits you!
* * * LOW HITPOINT WARNING * * *
Casting: Ensorcelled Hibernation
Confirm with . or Enter, or press ? or * to list all spells.
Aiming: Ensorcelled Hibernation
Press: ? - help, Shift-Dir - straight line, f/p - orc wizard
Aim: an orc wizard, wielding a dagger and wearing an embroidered robe (lightly wounded, fast, chance to defeat MR: 43%)
The orc wizard resists with almost no effort.
The orc wizard closely misses you.
Casting: Ensorcelled Hibernation
Confirm with . or Enter, or press ? or * to list all spells.
You don't have enough magic to cast that spell.
Unknown command.
You aren't carrying any potions.
You closely miss the orc wizard.
The orc wizard is lightly wounded.
The orc wizard points at you and mumbles some strange words.
The puff of flame hits you!
You die...
Your body crumbles into a pile of gold.

#..)..........#.........
#..........#............
##.........#............
#######.........#.........##.
#.............)..............
##.####.........#............
#[# #.........#............
#.# ##......o..#.........##.
##.###......@...#.........##.
#....................#....##.
######.............#.#....##.
####............#......(
#..........#.####....
####....................
#...######........##....
#...#### #............#.
#......###............#.


You could see an orc wizard.

Vanquished Creatures
  An orc wizard (D:2)
  Ijyb (D:3)
  Natasha (twice) (D:3)
  3 adders (D:2)
  2 oozes
  2 worms (D:2)
  4 dart slugs
  A leopard gecko (D:2)
  3 orcs (D:3)
  A bat (D:3)
  5 giant cockroaches
  9 goblins
  2 hobgoblins
  5 jackals
  6 frilled lizards
  2 kobolds (D:1)
  7 rats
56 creatures vanquished.

Notes
Turn   | Place    | Note
-------+----------+-------------------------------------------
     0 | D:1      | inc the Felid Enchanter began the quest for the Orb.
     0 | D:1      | Reached XP level 1. HP: 7/7 MP: 4/4
   117 | D:1      | Reached skill level 1 in Fighting
   285 | D:1      | Reached XP level 2. HP: 10/13 MP: 4/6
   295 | D:1      | Learned a level 2 spell: Ensorcelled Hibernation
  1403 | D:1      | You fall through a shaft!
  1427 | D:2      | Reached XP level 3. HP: 16/16 MP: 4/7
  2025 | D:2      | Reached XP level 4. HP: 16/19 MP: 5/8
  2133 | D:2      | Found a hazy altar of Hepliaklqana.
  2134 | D:2      | Found an iron altar of Okawaru.
  2134 | D:2      | Found a deep blue altar of Sif Muna.
  2136 | D:2      | Found an opulent altar of Gozag.
  2618 | D:3      | Noticed Natasha
  2634 | D:3      | Killed Natasha
  2899 | D:2      | Became a worshipper of Gozag Ym Sagoz the Greedy
  2956 | D:2      | Learned a level 3 spell: Confuse
  3037 | D:2      | Reached XP level 5. HP: 15/22 MP: 2/10
  3363 | D:3      | Noticed Natasha
  3379 | D:3      | Killed Natasha
  3518 | D:3      | Noticed Ijyb
  3666 | D:3      | Killed Ijyb
  3720 | D:2      | Killed from afar by an orc wizard
  3721 | D:2      | Reached XP level 4. HP: -7/19 MP: 1/11
  3739 | D:2      | Killed from afar by an orc wizard

Skill      XL: |  1  2  3  4  5 |
---------------+----------------+-----
Fighting       | 1 2 |  2.1
Unarmed Combat | 2 |  2.4
Dodging        | 3 |  3.1
Spellcasting   | 3 4 |  4.0
Stealth        | |  4.0
Hexes          | |  4.6
Ice Magic      | |  0.6

Action                   |  1- 3 |  4- 6 || total
-------------------------+-------+-------++-------
Melee: Unarmed           |    86 |    54 ||   140
       Bite              |     4 |     2 ||     6
       Punch             |       |     2 ||     2
 Cast: Corona            |     6 |       ||     6
       Ensorcelled Hiber |    27 |    44 ||    71
       Confuse           |       |     2 ||     2
Invok: Potion Petition   |       |     1 ||     1
  Use: Potion            |       |     3 ||     3
       Scroll            |       |     1 ||     1
 Stab: Sleeping          |    21 |    22 ||    43
       Invisible         |       |     1 ||     1
       Confused          |       |     1 ||     1
  Eat: Chunk             |     5 |     7 ||    12
Armor: Skin              |     3 |     1 ||     4
Dodge: Dodged            |    59 |    44 ||   103
